 Dungeon Crawl Stone Soup version 0.31-a0-1178-gc5c9b8f871 (webtiles) character file.

Game seed: 15112176372105274032

131 qw the Shooter (level 5, -9/32 HPs)
             Began as a Gargoyle Hunter on Dec 11, 2023.
             Mangled by an ice beast (10 damage)
             ... on level 3 of the Dungeon.
             The game lasted 00:00:33 (2259 turns).

qw the Shooter (Gargoyle Hunter)                    Turns: 2259, Time: 00:00:33

Health: -9/32      AC: 10    Str: 14    XL:     5   Next: 14%
Magic:  5/5        EV: 10    Int: 10    God:
Gold:   32         SH:  0    Dex: 15    Spells: 4/4 levels left

rFire   . . .        a - +0 shortbow
rCold   . . .        (shield currently unavailable)
rNeg    + . .        i - +0 ring mail
rPois   inf          (no helmet)
rElec   +            (no cloak)
rCorr   .            h - +0 pair of gloves
SInv    .            (no boots)
Will    .....        (no amulet)
Stlth   +            (no ring)
HPRegen 0.25/turn    (no ring)
MPRegen 0.09/turn

%: no passive effects
@: no status effects
A: sickness immunity, AC +4, negative energy resistance 1, electricity
resistance, torment resistance 1, petrification resistance
a: no special abilities


You were on level 3 of the Dungeon.
You visited 1 branch of the dungeon, and saw 3 of its levels.

You collected 32 gold pieces.


Innate Abilities, Weirdness & Mutations

You are immune to sickness and miasma.
Your stone body is resilient. (AC +4)
You are immune to poison.
You resist negative energy. (rN+)
You are resistant to electric shocks. (rElec)
You are resistant to unholy torment.
You are immune to petrification.


   Skills:
 - Level 3.1 Fighting
 + Level 5.8 Ranged Weapons
 - Level 1.0 Armour
 - Level 1.5 Dodging
 - Level 1.1 Stealth


You had 4 spell levels left.
You didn't know any spells.
Your spell library was empty.

Inventory:

Hand Weapons
 a - a +0 shortbow (weapon)
Armour
 h - a +0 pair of gloves (worn)
 i - a +0 ring mail (worn)
Potions
 d - a potion of might {unknown}
 g - a potion of resistance {unknown}

Dungeon Overview and Level Annotations

Branches:
Dungeon (3/15)

Altars:
Gozag


Message History

The ice beast barely misses you.
You shoot an arrow. The arrow barely misses the ice beast.
The ice beast barely misses you.
You shoot an arrow. The arrow barely misses the ice beast.
The ice beast hits you. The ice beast freezes you!
The ice beast hits you but does no damage.
You shoot an arrow.
The arrow hits the ice beast but does no damage.
The ice beast is lightly wounded.
The ice beast hits you. The ice beast freezes you.
You shoot an arrow. The arrow hits the ice beast!
The ice beast is heavily wounded.
The ice beast hits you but does no damage.
You shoot an arrow. The arrow closely misses the ice beast.
The ice beast misses you.
You shoot an arrow. The arrow hits the ice beast.
The ice beast is heavily wounded.
The ice beast closely misses you.
You shoot an arrow. The arrow hits the ice beast.
The ice beast is heavily wounded.
The ice beast closely misses you.
The ice beast hits you but does no damage.
You shoot an arrow.
The arrow hits the ice beast but does no damage.
The ice beast is heavily wounded.
The ice beast hits you. The ice beast freezes you.
2255 ||| DRINKING red potion.
It was a potion of heal wounds.
You feel much better. The ice beast barely misses you.
You shoot an arrow. The arrow closely misses the ice beast.
The ice beast hits you but does no damage.
You shoot an arrow. The arrow closely misses the ice beast.
The ice beast barely misses you.
You shoot an arrow. The arrow hits the ice beast!
The ice beast is almost dead.
The ice beast hits you. The ice beast freezes you!
You shoot an arrow. The arrow barely misses the ice beast.
The ice beast hits you but does no damage.
The ice beast hits you. The ice beast freezes you!
You die...

#.# . #.#....#
.. #.#....# ...
#.#.... ...%
#.#... .....
#.#..
..%.%.##.#.# #
##....#Y##.#.#.#
+......%@.[.....
##.####.##.#.###
#. #+# .. # ##


You could see an ice beast.

Vanquished Creatures
  Jessica (D:2)
  Natasha (thrice) (D:2)
  An orc (D:2)
  2 bats
  3 endoplasms
  3 giant cockroaches (D:1)
  3 goblins (D:1)
  2 hobgoblins
  3 jackals (D:2)
  2 kobolds (D:2)
  A quokka (D:2)
  2 ball pythons
  3 frilled lizards
  6 rats
35 creatures vanquished.

Notes
Turn   | Place    | Note
-------+----------+-------------------------------------------
     0 | D:1      | qw the Gargoyle Hunter began the quest for the Orb.
     0 | D:1      | Reached XP level 1. HP: 12/12 MP: 1/1
     0 | D:1      | 0 ||| qw: Version: 0.3-a-106-g2cfff9e
     0 | D:1      | 0 ||| qw: Game counter: 2030
     0 | D:1      | 0 ||| qw: Melee chars always use a shield: true
     0 | D:1      | 0 ||| qw: God list: Okawaru
     0 | D:1      | 0 ||| qw: Allow faded altars: false
     0 | D:1      | 0 ||| qw: Do Orc after clearing Dungeon:15 true
     0 | D:1      | 0 ||| qw: Do second Lair branch before Depths: true
     0 | D:1      | 0 ||| qw: Lair rune preference: random
     0 | D:1      | 0 ||| qw: Goals: Normal, Save, Zot:1-4, Win
     0 | D:1      | 0 ||| PLANNING D:1-11
   146 | D:1      | Reached XP level 2. HP: 17/17 MP: 2/2
   937 | D:1      | 937 ||| UPGRADING to +0 pair of gloves.
   942 | D:1      | 942 ||| UPGRADING to +0 ring mail.
   952 | D:1      | 952 ||| DROPPING +0 leather armour.
   953 | D:1      | 953 ||| READING 2 scrolls labelled EWKIRCH XOSTRI.
   954 | D:1      | 954 ||| DROPPING scroll of butterflies.
   955 | D:1      | 955 ||| DROPPING scroll of noise.
  1269 | D:2      | Reached skill level 1 in Armour
  1269 | D:2      | Reached XP level 3. HP: 21/21 MP: 3/3
  1395 | D:2      | Found an opulent altar of Gozag.
  1427 | D:2      | Noticed Natasha
  1430 | D:2      | 1430 ||| Stepping ~*~*~tactically~*~*~ (retreating).
  1431 | D:2      | 1431 ||| Stepping ~*~*~tactically~*~*~ (retreating).
  1432 | D:2      | 1432 ||| Stepping ~*~*~tactically~*~*~ (retreating).
  1435 | D:2      | 1435 ||| Stepping ~*~*~tactically~*~*~ (retreating).
  1436 | D:2      | 1436 ||| Stepping ~*~*~tactically~*~*~ (retreating).
  1438 | D:2      | Killed Natasha
  1439 | D:2      | Reached skill level 5 in Ranged Weapons
  1516 | D:2      | Noticed Jessica
  1522 | D:2      | Killed Jessica
  1523 | D:2      | Reached skill level 3 in Fighting
  1523 | D:2      | Reached XP level 4. HP: 28/28 MP: 4/4
  1679 | D:2      | Noticed Natasha
  1692 | D:2      | Killed Natasha
  1954 | D:2      | Noticed Natasha
  1961 | D:2      | Killed Natasha
  1962 | D:2      | Reached XP level 5. HP: 20/32 MP: 5/5
  2037 | D:2      | 2037 ||| READING scroll labelled NEABBE FEHU.
  2138 | D:2      | 2138 ||| DRINKING 2 fuming amethyst potions.
  2179 | D:2      | 2179 ||| DROPPING potion of lignification.
  2225 | D:3      | 2225 ||| PLANNING SEWER
  2241 | D:3      | Noticed an ice beast
  2242 | D:3      | 2242 ||| Stepping ~*~*~tactically~*~*~ (retreating).
  2243 | D:3      | 2243 ||| Stepping ~*~*~tactically~*~*~ (retreating).
  2254 | D:3      | HP: 6/32 [ice beast (5)]
  2255 | D:3      | 2255 ||| DRINKING red potion.
  2259 | D:3      | HP: 1/32 [ice beast (4)]
  2259 | D:3      | Mangled by an ice beast

Levels and vault maps discovered:
D:1:      wander_arrival_lonely_grave, layout_basic
D:2:      layout_loops_corners, basic_altar, grunt_ministairs_5, uniq_natasha,
          uniq_jessica
D:3:      layout_basic, portal_sewer_entry_e

Skill      XL: |  1  2  3 |
---------------+----------+-----
Armour         | 1 |  1.0
Ranged Weapons | 5 |  5.8
Fighting       | 3 |  3.1
Dodging        | |  1.5
Stealth        | |  1.1

Action                     |  1- 3 |  4- 6 || total
---------------------------+-------+-------++-------
   Fire: Shortbow          |    76 |    46 ||   122
    Use: Scroll            |     1 |     1 ||     2
         Potion            |       |     2 ||     2
 Armour: Leather armour    |     5 |       ||     5
         Ring mail         |    20 |    24 ||    44
  Dodge: Dodged            |    17 |    16 ||    33

Table legend:
 A = Non-vault XP
 B = Vault XP
 C = Vault XP percentage of total XP
 D = Non-vault monster count
 E = Vault monster count
 F = Vault count percentage of total count
                 A         B        C        D         E       F
            +---------+---------+-------+---------+---------+-------
      Total |     112 |      76 |  40.4 |      31 |       4 |  11.4
            +---------+---------+-------+---------+---------+-------
        D:1 |      25 |       0 |   0.0 |      16 |       0 |   0.0
        D:2 |      83 |      76 |  47.8 |      11 |       4 |  26.7
        D:3 |       4 |       0 |   0.0 |       4 |       0 |   0.0
            +---------+---------+-------+---------+---------+-------
